 Dungeon Crawl Stone Soup version 0.21-a0-150-gc243083 (webtiles) character file.

172 AverageBear the Cutter (level 5, -1/31 HPs)
             Began as a Deep Elf Fighter on July 28, 2017.
             Was an Initiate of Ashenzari.
             Slain by an orc
             ... wielding a +2 flail of draining
              (4 damage)
             ... on level 4 of the Dungeon.
             The game lasted 00:04:06 (3158 turns).

AverageBear the Cutter (Deep Elf Fighter)           Turns: 3158, Time: 00:04:06

Health: -1/31      AC:  7    Str: 12 (14) XL:     5   Next: 27%
Magic:  7/7        EV:  6    Int: 11 (13) God:    Ashenzari [......]
Gold:   167        SH:  7    Dex: 12 (14) Spells: 4/4 levels left

rFire    . . .     SeeInvis .   l - +2 dagger (freeze)
rCold    . . .     Gourm    .   c - +0 shield
rNeg     . . .     Faith    .   b - +1 scale mail
rPois    .         Spirit   .   (no helmet)
rElec    .         Reflect  .   (no cloak)
rCorr    .         Harm     .   (no gloves)
MR       .....                  (no boots)
Stlth    ..........             (no amulet)
HPRegen  0.10/turn              h - +5 ring of slaying (curse)
MPRegen  0.10/turn              q - +2 ring of slaying

@: flying, hasted, drained, very quick
A: no striking features
a: Curse Item, Renounce Religion


You were on level 4 of the Dungeon.
You worshipped Ashenzari.
Ashenzari was noncommittal.
You were not hungry.

You visited 2 branches of the dungeon, and saw 5 of its levels.

You collected 167 gold pieces.

Inventory:

Hand Weapons
 a - a +0 rapier
 l - a +2 dagger of freezing (weapon)
Armour
 b - a +1 scale mail (worn)
 c - a +0 shield (worn)
Jewellery
 g - an uncursed ring of fire
 h - a cursed +5 ring of slaying (left hand)
 i - a +5 ring of strength
 p - an uncursed ring of fire
 q - a +2 ring of slaying (right hand)
Scrolls
 v - a scroll of teleportation {unknown}
 x - a scroll of enchant armour
 y - a scroll of fog {unknown}
Potions
 d - 2 potions of might
 k - a potion of magic
 m - a potion of degeneration
 o - a potion of heal wounds {unknown}
 z - a potion of curing {unknown}
 A - a potion of mutation {unknown}
Comestibles
 f - 2 bread rations
 n - 2 meat rations
 r - 2 royal jellies
 u - 2 fruits


   Skills:
 - Level 2.4(1.8) Fighting
 - Level 5.2(4.6) Short Blades
 - Level 2.4(1.8) Armour
 + Level 1.9(1.3) Dodging
 - Level 2.4(1.8) Shields


You had 4 spell levels left.
You didn't know any spells.

Dungeon Overview and Level Annotations

Branches:
Dungeon (4/15)             Temple (1/1) D:4

Altars:
Ashenzari
Cheibriados
Dithmenos
Elyvilon
Fedhas
Gozag
Hepliaklqana
Makhleb
Nemelex Xobeh
Okawaru
Qazlal
Sif Muna
Trog
Vehumet
Wu Jian
Xom
Yredelemnul
Zin
The Shining One


Message History

Beogh smites you!
An orc comes into view.
There are monsters nearby!
You are too injured to fight recklessly!
The orc shouts!
It was a potion of magic.
Magic courses through your body.
The orc hits you with a flail of draining.
You feel drained. You block the orc's attack.
It was a potion of degeneration.
There was something very wrong with that liquid.
You feel weakened.
You feel dopey.
You feel clumsy. The orc barely misses you. You block the orc's attack.
It was a potion of flight.
You feel very buoyant.
You fly up into the air.
The orc hits you with a whip.
It was a potion of haste.
You feel yourself speed up.
The orc hits you with a flail of draining!
* * * LOW HITPOINT WARNING * * *
You feel drained.
You die...

#...........#
#.###..##...#
##.## ##.#
#..# # ##.##
## #..# #..
#.##
#.#...#####.#
.....oo@....#
#.....oo.####
.........#
#.#....#.# #
#....#..
####.#.#.
#..### #.#


You could see an orc priest and 3 orcs.

Vanquished Creatures
  2 hounds
  An adder (D:2)
  An ooze (D:2)
  An adder skeleton (D:4)
  3 worms
  2 dart slugs
  5 leopard geckos
  4 orcs (D:3)
  4 ball pythons
  2 giant cockroaches (D:1)
  5 goblins
  9 hobgoblins
  6 jackals
  3 quokkas
  6 bats
  A frilled lizard (D:3)
  7 kobolds
  7 rats
69 creatures vanquished.

Vanquished Creatures (others)
  A wizard (D:3)
1 creature vanquished.

Grand Total: 70 creatures vanquished

Notes
Turn   | Place    | Note
-------+----------+-------------------------------------------
     0 | D:1      | AverageBear the Deep Elf Fighter began the quest for the Orb.
     0 | D:1      | Reached XP level 1. HP: 13/13 MP: 3/3
   340 | D:1      | Reached XP level 2. HP: 17/18 MP: 4/4
   442 | D:1      | Reached skill level 3 in Short Blades
  1130 | D:2      | Reached XP level 3. HP: 21/22 MP: 5/5
  1369 | D:2      | Found a radiant altar of Vehumet.
  1537 | D:2      | Reached skill level 4 in Short Blades
  1599 | D:2      | Reached XP level 4. HP: 16/27 MP: 6/6
  1603 | D:2      | Found a burning altar of Makhleb.
  2238 | D:3      | Reached skill level 5 in Short Blades
  2343 | D:3      | Found a bloodstained altar of Trog.
  2347 | D:3      | Noticed a wizard
  2351 | D:3      | Killed a wizard
  2833 | D:3      | Found an iron altar of Okawaru.
  2833 | D:3      | Found a deep blue altar of Sif Muna.
  2834 | D:3      | Found a shadowy altar of Dithmenos.
  2861 | D:4      | Found a staircase to the Ecumenical Temple.
  2869 | D:4      | Reached XP level 5. HP: 31/31 MP: 7/7
  2877 | Temple   | Entered the Ecumenical Temple
  3020 | Temple   | Became a worshipper of Ashenzari the Shackled
  3093 | D:4      | Reached skill level 1 in Dodging
  3158 | D:4      | Slain by an orc

Vault maps used:
D:1:      dpeg_arrival_more_subterranean_lakeside_camping
D:2:      fiery_altar_vehumet, makhleb_blood_cavern_becter
D:3:      gammafunk_temple_overflow_claw, first_bread, trog_wizard
D:4:      minmay_temple_entry_trees, serial_park_tiny_2,
          kennysheep_generic_room_8
Temple:   dpeg_five_rooms_temple

Skill      XL: |  1  2  3  4  5 |
---------------+----------------+-----
Short Blades   | 3 4 5 |  5.2
Dodging        | 1 |  1.9
Fighting       | |  2.4
Armour         | |  2.4
Shields        | |  2.4

Action                   |  1- 3 |  4- 6 || total
-------------------------+-------+-------++-------
Melee: Rapier            |    62 |       ||    62
       Dagger            |    34 |    79 ||   113
Invok: Curse Item        |       |     1 ||     1
  Use: Scroll            |     1 |     1 ||     2
       Potion            |       |     4 ||     4
  Eat: Chunk             |     2 |     5 ||     7
Armor: Scale mail        |    44 |    19 ||    63
Dodge: Dodged            |    27 |    17 ||    44
Block: Shield            |    40 |    24 ||    64
